 Dungeon Crawl Stone Soup version 0.24.0-28-g17ded55e90 (webtiles) character file.

Game seed: 9932532523467540142, levelgen mode: deterministic

118 Delamore the Chopper (level 5, -3/45 HPs)
             Began as a Hill Orc Fighter on Nov 14, 2019.
             Slain by Sigmund
             ... wielding a +1 scythe of venom
              (7 damage)
             ... on level 2 of the Dungeon.
             The game lasted 00:02:11 (1399 turns).

Delamore the Chopper (Hill Orc Fighter)             Turns: 1399, Time: 00:02:12

Health: -3/45      AC: 10    Str: 25    XL:     5   Next: 2%
Magic:  5/5        EV:  7    Int:  8    God:
Gold:   70         SH:  9    Dex: 10    Spells: 4/4 levels left

rFire    + . .     SeeInvis .   a - +0 war axe
rCold    + . .     Gourm    .   c - +0 shield
rNeg     . . .     Faith    .   b - +0 scale mail
rPois    +         Spirit   .   n - +0 helmet
rElec    +         Reflect  .   m - +0 cloak
rCorr    +         Harm     .   (no gloves)
MR       .....                  j - +0 pair of boots
Stlth    ..........             (no amulet)
HPRegen  0.15/turn              (no ring)
MPRegen  0.09/turn              (no ring)

@: mighty, lethally poisoned (-3 -> -10), resistant
A: no striking features
a: no special abilities


You were on level 2 of the Dungeon.
You were very hungry.

You visited 1 branch of the dungeon, and saw 2 of its levels.

You collected 70 gold pieces.

Inventory:

Hand Weapons
 a - a +0 war axe (weapon)
Armour
 b - a +0 scale mail (worn)
 c - a +0 shield (worn)
 j - a +0 pair of boots (worn)
 m - a +0 cloak (worn)
 n - a +0 helmet (worn)
Scrolls
 e - 4 scrolls of identify {unknown}
 g - 2 scrolls of blinking {unknown}
 h - 2 scrolls of teleportation {unknown}
 i - a scroll of enchant weapon {unknown}
 k - 3 scrolls of remove curse {unknown}
Potions
 d - a potion of might
 l - a potion of resistance
Comestibles
 f - a ration


   Skills:
 - Level 3.6 Fighting
 + Level 6.6 Axes
 - Level 3.2 Armour
 - Level 3.2 Shields


You had 4 spell levels left.
You didn't know any spells.
Your spell library was empty.

Dungeon Overview and Level Annotations

Branches:
Dungeon (2/15)

Altars:

Annotations:
D:2 Sigmund


Message History

* * * LOW HITPOINT WARNING * * *
You feel sick.
* * * LOW HITPOINT WARNING * * *
You feel sick.
* * * LOW HITPOINT WARNING * * *
You feel sick.
It was a potion of resistance.
You feel protected.
* * * LOW HITPOINT WARNING * * *
You feel sick.
You feel very mighty all of a sudden.
* * * LOW HITPOINT WARNING * * *
You feel sick.
* * * LOW HITPOINT WARNING * * *
You feel sick. Something hits you.
* * * LOW HITPOINT WARNING * * *
You closely miss something.
* * * LOW HITPOINT WARNING * * *
You feel sick. Something hits you!
You die...

########### #.........#
######### #####.........#
#.......#
..............########.......#
#####...........@{...........#
# #...........######.......#
#..........## #.......#
#..........# #####..###
#..........# #......#
####.......# #......#
#####........######..$...#
#....)..........#........#
#)###....................#


There were no monsters in sight!

Vanquished Creatures
  Robin (D:2)
  4 adders (D:2)
  An ooze (D:1)
  2 worms (D:2)
  2 giant cockroaches (D:1)
  20 goblins
  5 hobgoblins
  6 kobolds
  A ball python (D:2)
  6 bats
  4 frilled lizards (D:2)
  11 rats
63 creatures vanquished.

Notes
Turn   | Place    | Note
-------+----------+-------------------------------------------
     0 | D:1      | Delamore the Hill Orc Fighter began the quest for the Orb.
     0 | D:1      | Reached XP level 1. HP: 19/19 MP: 1/1
    44 | D:1      | Reached skill level 3 in Axes
    52 | D:1      | Reached XP level 2. HP: 21/26 MP: 2/2
   109 | D:1      | Reached skill level 4 in Axes
   283 | D:1      | Reached XP level 3. HP: 21/31 MP: 3/3
   712 | D:2      | Reached skill level 5 in Axes
   875 | D:2      | Reached XP level 4. HP: 21/39 MP: 4/4
   995 | D:2      | Reached skill level 6 in Axes
  1027 | D:2      | Noticed Robin
  1042 | D:2      | Killed Robin
  1262 | D:2      | Reached XP level 5. HP: 36/45 MP: 5/5
  1366 | D:2      | Noticed Sigmund
  1399 | D:2      | Slain by Sigmund

Levels and vault maps discovered:
D:1:      sevenhm_arrival_forest_fort_large_4, layout_basic,
          palyth_stone_intersect, minmay_quantized
D:2:      layout_rooms, uniq_sigmund, uniq_robin

Skill      XL: |  1  2  3  4 |
---------------+-------------+-----
Axes           | 3 4 5 6 |  6.6
Fighting       | |  3.6
Armour         | |  3.2
Shields        | |  3.2

Action                   |  1- 3 |  4- 6 || total
-------------------------+-------+-------++-------
Melee: War axe           |   133 |    73 ||   206
  Use: Potion            |       |     2 ||     2
  Eat: Chunk             |       |     1 ||     1
Armor: Scale mail        |    69 |    31 ||   100
Dodge: Dodged            |    40 |    18 ||    58
Block: Shield            |    81 |    30 ||   111
